 Dungeon Crawl Stone Soup version 0.18.1-50-g88ac8fd (console) character file.

18 CALLOUS the Cutter (level 2, 0/20 HPs)
             Began as a Halfling Chaos Knight on May 16, 2018.
             Slain by a hound (3 damage)
             ... on level 3 of the Dungeon.
             The game lasted 00:20:54 (1534 turns).

CALLOUS the Cutter (Halfling Chaos Knight)          Turns: 1534, Time: 00:20:55

Health: 0/20       AC:  5    Str: 14    XL:     2   Next: 85%
Magic:  2/2        EV: 13    Int: 11    God:    Xom [...*..]
Gold:   104        SH:  0    Dex: 13    Spells: 0 memorised, 1 level left

rFire  . . .     SeeInvis .     a - +0 short sword (chaos)
rCold  . . .     Gourm    .     b - +2 leather armour
rNeg   . . .     Faith    .     (shield restricted)
rPois  .         Spirit   .     (no helmet)
rElec  .         Dismiss  .     (no cloak)
rCorr  .         Reflect  .     (no gloves)
SustAt .         Harm     .     (no boots)
MR     .....                    (no amulet)
Stlth  +.........               (no ring)
                                (no ring)

@: drained, not resistant to hostile enchantments, very unstealthy
A: fangs 1, mutation resistance 2, strong 1
a: Renounce Religion


You were on level 3 of the Dungeon.
You worshipped Xom.
You were a favourite toy of Xom.
You were hungry.

You visited 1 branch of the dungeon, and saw 3 of its levels.

You collected 104 gold pieces.

Inventory:

Hand Weapons
 a - a +0 short sword of chaos (weapon)
Missiles
 d - 41 arrows
 g - 64 stones (quivered)
 n - 22 sling bullets
Armour
 b - a +2 leather armour (worn)
Jewellery
 k - a +3 amulet of reflection {unknown}
 m - a +4 ring of strength {unknown}
Scrolls
 e - a scroll of fear {unknown}
 h - 2 scrolls of identify {unknown}
 o - 2 scrolls of remove curse {unknown}
Potions
 i - a potion of beneficial mutation {unknown}
 j - 2 potions of brilliance {unknown}
 l - a potion of might {unknown}
 q - a potion of lignification {unknown}
Comestibles
 c - 2 bread rations
 f - 2 beef jerkies
 p - a meat ration


   Skills:
 + Level 2.8(1.7) Fighting
 * Level 4.7(3.6) Short Blades
 * Level 2.3(1.3) Armour
 * Level 1.3(0.3) Dodging


You had one spell level left.
You didn't know any spells.

Dungeon Overview and Level Annotations

Branches:
Dungeon (3/15)

Altars:

Annotations:
D:2 exclusion: adder


Innate Abilities, Weirdness & Mutations

You are small and have problems with some larger weapons.
You are somewhat resistant to both further mutation and mutation removal.
You have very sharp teeth.
Your muscles are strong. (Str +2)


Message History

The giant frog is lightly wounded.
The giant frog hits you.
You hit the giant frog.
The giant frog goes berserk!
Xom is highly amused!
You bite the giant frog.
The giant frog is moderately wounded.
The giant frog hits you. The giant frog hits you!
* * * LOW HITPOINT WARNING * * *
A shower of butterflies erupts from you!
You hit the giant frog.
The giant frog evaporates and reforms as a hound!
The hound closely misses you.
Press: ? - help, v - describe, . - travel
Here: a hound The floor, spattered with blood.
You hit the hound.
The hound is poisoned.
The hound is lightly wounded.
The hound barely misses you. The hound bites you.
You die...
Xom giggles madly!

#.# #. #.# #.# #.#
##.# #.# #... #.#
#..# ##.## ####..#
##<..##
#.....########.....#
#b..............#
#.b########<....#
#h@# ##...##
...b.(..# #####
##(..##.# ##.# #.#
#. #%# # #.# #.# #.#


You could see a hound.

Vanquished Creatures
  A dart slug (D:1)
  2 giant cockroaches (D:1)
  2 hobgoblins (D:1)
  A ball python (D:1)
  4 bats (D:1)
  A giant newt (D:1)
  3 kobolds
  3 rats (D:1)
17 creatures vanquished.

Notes
Turn   | Place    | Note
--------------------------------------------------------------
     0 | D:1      | CALLOUS the Halfling Chaos Knight began the quest for the Orb.
     0 | D:1      | Reached XP level 1. HP: 15/15 MP: 1/1
   245 | D:1      | XOM: harmless Trmt miscast
   246 | D:1      | XOM: divination: magic mapping
   371 | D:1      | XOM: god gift: 17 stones
   375 | D:1      | XOM: 7-stop teleportation journey
   390 | D:1      | Reached XP level 2. HP: 15/20 MP: 2/2
   479 | D:1      | XOM: 1-stop teleportation journey
   480 | D:1      | XOM: give mutations
   480 | D:1      | Gained mutation: You have very sharp teeth. [Xom's grace]
   480 | D:1      | Gained mutation: Your muscles are strong. (Str +2) [Xom's grace]
   547 | D:1      | XOM: give mutations
   547 | D:1      | Gained mutation: You are somewhat resistant to both further mutation and mutation removal. [Xom's mischief]
   547 | D:1      | Gained mutation: Your body sometimes deteriorates upon taking damage. [Xom's mischief]
   547 | D:1      | Lost mutation: Your body sometimes deteriorates upon taking damage. [Xom's mischief]
   642 | D:1      | XOM: 3-stop teleportation journey
  1121 | D:1      | XOM is BORED!
  1121 | D:1      | XOM: draining
  1529 | D:3      | Noticed a giant frog
  1532 | D:3      | XOM: butterfly on damage
  1533 | D:3      | a giant frog changed into a hound
  1534 | D:3      | Slain by a hound

Action                   || total
-------------------------++-------
Melee: Short sword       ||    38
       Bite              ||     1
Throw: Stone             ||    38
 Stab: Sleeping          ||     1
  Eat: Chunk             ||     1
Armor: Leather armour    ||     4
Dodge: Dodged            ||    16
